 Dungeon Crawl Stone Soup version 0.29.1-14-g9c671dbff4 (webtiles) character file.

Game seed: 17726248064691350333

200 Rikuski the Trooper (level 5, -1/44 HPs)
             Began as a Palentonga Monk on Feb 14, 2023.
             Was a Priest of the Shining One.
             Slain by an orc
             ... wielding a +2 falchion of holy wrath
              (4 damage)
             ... on level 4 of the Dungeon.
             The game lasted 00:10:51 (2522 turns).

Rikuski the Trooper (Palentonga Monk)               Turns: 2522, Time: 00:10:52

Health: -1/44      AC:  9    Str: 18    XL:     5   Next: 48%
Magic:  3/5        EV:  9    Int: 10    God:    the Shining One [***...]
Gold:   119        SH:  6    Dex: 13    Spells: 4/4 levels left

rFire   . . .      SeeInvis +     - Unarmed
rCold   . . .      Faith    .   (no shield)
rNeg    + . .      Spirit   .   k - +0 ring mail
rPois   .          Reflect  .   (no helmet)
rElec   .          Harm     .   (no cloak)
rCorr   .          Rampage  .   (no gloves)
Will    .....                   (no barding)
Stlth   +.........              (no amulet)
HPRegen 0.14/turn               c - +4 ring of protection
MPRegen 0.09/turn               (no ring)

@: brilliant, lethally poisoned (-1 -> -3), divinely shielded, glowing
A: large, rugged brown scales 3, see invisible, deformed body, roll 1, armoured
tail
a: Rolling Charge, Renounce Religion, Divine Shield, Cleansing Flame


You were on level 4 of the Dungeon.
You worshipped the Shining One.
The Shining One was most pleased with you.
You visited 1 branch of the dungeon, and saw 4 of its levels.

You collected 119 gold pieces.

Inventory:

Hand Weapons
 m - a +1 vorpal hand axe
 n - a +0 whip of electrocution
Armour
 a - a +0 robe
 k - a +0 ring mail (worn)
Jewellery
 b - an amulet of magic regeneration
 c - a +4 ring of protection (left hand)
Scrolls
 e - 4 scrolls of teleportation {unknown}
 f - 2 scrolls of magic mapping {unknown}
 i - a scroll of brand weapon {unknown}
 l - a scroll of vulnerability {unknown}
Potions
 d - a potion of brilliance
 g - a potion of attraction {unknown}
 j - a potion of lignification {unknown}


   Skills:
 + Level 3.9 Fighting
 + Level 1.1 Armour
 + Level 3.2 Dodging
 + Level 2.2 Stealth
 + Level 3.9 Unarmed Combat


You had 4 spell levels left.
You didn't know any spells.
Your spell library was empty.

Dungeon Overview and Level Annotations

Branches:
Dungeon (4/15)
 Temple: D:4-7

Altars:
Dithmenos
Hepliaklqana
Vehumet
The Shining One


Innate Abilities, Weirdness & Mutations

You are completely covered in rugged brown scales. (AC +3, +7% HP)
You have supernaturally acute eyesight. (SInv)
Armour fits poorly on your strangely shaped body.
You can roll at nearby foes to attack.
You have a long armoured tail.


Message History

You feel sick.
You are no longer poisoned.
The adder closely misses you. The orc hits you but does no damage.
You block the adder's attack.
You hit the orc but do no damage. The orc hits you but does no damage.
You block the adder's attack.
You hit the orc but do no damage.
You tail-slap the orc, but do no damage.
The adder bites you but does no damage. The orc hits you but does no damage.
You hit the orc but do no damage. You block the adder's attack.
The orc hits you with a +2 falchion of holy wrath.
* * * LOW HITPOINT WARNING * * *
It was a potion of curing.
You feel better. The adder barely misses you.
The orc hits you but does no damage. You block the adder's attack.
You hit the orc but do no damage. The adder bites you but does no damage.
The orc hits you but does no damage.
You barely miss the orc. The adder bites you but does no damage.
The orc closely misses you.
You hit the orc but do no damage. The adder bites you.
* * * LOW HITPOINT WARNING * * *
You are poisoned.
The adder poisons you! You block the orc's attack.
You hit the adder.
The adder is moderately wounded.
* * * LOW HITPOINT WARNING * * *
You feel sick. The adder bites you but does no damage.
The orc closely misses you. The adder barely misses you.
You hit the adder.
The adder is almost dead.
You feel sick. The adder closely misses you.
You barely miss the adder.
The adder is almost dead.
You feel sick. You block the orc's attack. The adder bites you.
* * * LOW HITPOINT WARNING * * *
You barely miss the adder.
The adder is almost dead.
* * * LOW HITPOINT WARNING * * *
You feel sick.
The orc hits you with a +2 falchion of holy wrath.
You die...

...# ......... ##
#..........# .##
#...........#..#
#.........#..#.#
#.........##.#.# .
##.......###o#.##....
#.........).)@.......
#.........##S#..#....
#.......(.##.##.... .
####.........##..
#...).
†)##)........###.#
..... ))..........##
.# ###.
#<####......... .#
#.....######### .#
#####....


You could see an adder and an orc.

Vanquished Creatures
  An orc priest (D:4)
  2 orc wizards (D:4)
  A gnoll (D:1)
  5 adders
  A dart slug (D:3)
  6 orcs (D:4)
  6 ball pythons
  8 endoplasms
  5 giant cockroaches
  4 goblins
  9 hobgoblins
  A bat (D:2)
  A frilled lizard (D:1)
  6 kobolds
  A rat (D:2)
57 creatures vanquished.

Notes
Turn   | Place    | Note
-------+----------+-------------------------------------------
     0 | D:1      | Rikuski the Palentonga Monk began the quest for the Orb.
     0 | D:1      | Reached XP level 1. HP: 19/19 MP: 1/1
   152 | D:1      | Found a faded altar of an unknown god.
   155 | D:1      | Reached XP level 2. HP: 25/25 MP: 2/2
   181 | D:1      | Prayed at the altar of an unknown god.
   181 | D:1      | Became a worshipper of the Shining One
   181 | D:1      | Reached * piety under the Shining One
   181 | D:1      | Reached ** piety under the Shining One
   674 | D:1      | Reached XP level 3. HP: 31/31 MP: 3/3
  1362 | D:2      | Reached *** piety under the Shining One
  1610 | D:2      | Found a radiant altar of Vehumet.
  1726 | D:2      | Reached XP level 4. HP: 37/37 MP: 4/4
  2319 | D:3      | Found a hazy altar of Hepliaklqana.
  2320 | D:3      | Found a shadowy altar of Dithmenos.
  2320 | D:3      | Noticed a shadow
  2461 | D:4      | Reached XP level 5. HP: 42/44 MP: 5/5
  2491 | D:4      | Reached skill level 1 in Armour
  2514 | D:4      | HP: 1/44 [orc/+2 falchion of holy wrath (4)]
  2522 | D:4      | Slain by an orc

Illustrated notes

Levels and vault maps discovered:
D:1:      erik_arrival_triangle_medium, layout_basic, basic_ecumenical_altar,
          minmay_misc_feat_plants, nrook_campfire, nrook_uturn,
          nicolae_concentric_dashed_squares_wild
D:2:      layout_loops_ring, basic_altar
D:3:      layout_rooms, riverfiend_overflow_shadow_ancestor, serial_glass,
          glass_columns_c, glass_columns_a, st_stairs_8,
          kennysheep_generic_room_15
D:4:      layout_rooms, minmay_temple_entry_drinking_statues,
          ebering_ghost_sewer_d, serial_shops, nicolae_shop_trees,
          uniq_eustachio

Skill      XL: |  1  2  3  4  5 |
---------------+----------------+-----
Dodging        | 3 |  3.2
Stealth        | 2 |  2.2
Armour         | 1 |  1.1
Fighting       | |  3.9
Unarmed Combat | |  3.9

Action                   |  1- 3 |  4- 6 || total
-------------------------+-------+-------++-------
Melee: Unarmed           |    87 |    77 ||   164
       Punch             |     3 |     2 ||     5
       Tailslap          |     8 |    11 ||    19
Invok: Divine Shield     |     1 |     2 ||     3
 Abil: Rolling Charge    |    12 |    10 ||    22
  Use: Potion            |       |     3 ||     3
Armor: Robe              |    28 |    10 ||    38
       Ring mail         |       |    29 ||    29
Dodge: Dodged            |    31 |    49 ||    80
Block: Other             |     1 |    12 ||    13
